 Dungeon Crawl Stone Soup version 0.29.1-15-g9cfb28693d (webtiles) character file.

Game seed: 1925308465484205152

4708 ThatPearl the Geomancer (level 10, -2/64 HPs)
             Began as a Gargoyle Earth Elementalist on Mar 8, 2023.
             Was an Initiate of Sif Muna.
             Slain by a manticore (7 damage)
             ... on level 7 of the Dungeon.
             The game lasted 00:27:47 (8746 turns).

ThatPearl the Geomancer (GrEE)                      Turns: 8746, Time: 00:27:48

Health: -2/64      AC: 18    Str: 18    XL:     10   Next: 45%
Magic:  9/20       EV: 13    Int: 26    God:    Sif Muna [......]
Gold:   401        SH:  0    Dex: 10    Spells: 12/22 levels left

rFire   . . .      SeeInvis .   Q - +7 Throatcutter {drain, coup de grace}
rCold   . . .      Faith    .   (no shield)
rNeg    + . .      Spirit   .   k - +0 steam dragon scales
rPois   ∞          Reflect  .   v - +2 helmet
rElec   +          Harm     .   g - +0 cloak
rCorr   .          Rampage  .   l - +0 pair of gloves
Will    .....                   c - +0 pair of boots
Stlth   ++........              (no amulet)
HPRegen 0.20/turn               N - +6 ring of intelligence
MPRegen 0.17/turn               i - +6 ring of strength

@: about to teleport
A: sickness immunity, AC +7, negative energy resistance 1, electricity
resistance, torment resistance 1, petrification resistance
a: Renounce Religion


You were on level 7 of the Dungeon.
You worshipped Sif Muna.
Sif Muna was noncommittal.
You visited 2 branches of the dungeon, and saw 8 of its levels.
You also visited: Ossuary.

You collected 401 gold pieces.

Inventory:

Hand Weapons
 a - a +5 quarterstaff of speed
 F - a +3 trident
 G - a +6 war axe
 Q - the +7 Throatcutter (weapon) {drain, coup de grace}
   (You found it on level 7 of the Dungeon)

   A truly terrible weapon, it drains the life of any living foe it strikes.
   It may instantly kill foes which have little health.
 S - a +6 vorpal spear
Missiles
 r - 3 curare-tipped darts
Armour
 c - a +0 pair of boots (worn)
 f - a scarf of shadows
 g - a +0 cloak (worn)
 k - +0 steam dragon scales (worn)
 l - a +0 pair of gloves (worn)
 v - a +2 helmet (worn)
 R - a +2 leather armour of willpower
Magical Staves
 H - a staff of air
Jewellery
 i - a +6 ring of strength (right hand)
 j - a ring of flight
 I - a ring of fire
 N - a +6 ring of intelligence (left hand)
Wands
 A - a wand of flame (1)
Scrolls
 d - 2 scrolls of poison
 e - 4 scrolls of identify
 o - a scroll of silence
 s - 2 scrolls of teleportation
 J - 2 scrolls of amnesia
Potions
 b - 2 potions of magic
 h - 4 potions of lignification
 m - 3 potions of ambrosia
 n - a potion of invisibility {unknown}
 q - a potion of attraction {unknown}
 t - 3 potions of heal wounds {unknown}
 u - 4 potions of brilliance
 x - a potion of flight {unknown}
 z - 2 potions of mutation {unknown}
 B - 3 potions of might
 E - 2 potions of haste
 L - 2 potions of curing
 M - 3 potions of cancellation {unknown}


   Skills:
 + Level 7.8 Fighting
 + Level 4.5 Dodging
 - Level 2.1 Stealth
 + Level 6.9 Spellcasting
 + Level 7.0 Conjurations
 - Level 0.7 Transmutations
 + Level 9.4 Earth Magic


You had 12 spell levels left.
You knew the following spells:

 Your Spells              Type           Power      Damage    Failure   Level
a - Stone Arrow           Conj/Erth      100%       3d13      1%          3
b - Sandblast             Erth           100%       2d20      1%          1
p - Petrify               Tmut/Erth      35%        N/A       8%          4
w - Passwall              Tmut/Erth      29%        N/A       1%          2

Your spell library contained the following spells:

 Spells                   Type           Power      Damage    Failure   Level
 Apportation              Tloc           16%        N/A       6%          1
 Necrotise                Necr           32%        1d5       6%          1
 Wereblood                Tmut           12%        N/A       7%          2
 Vampiric Draining        Necr           8%         2d6       19%         3
 Alistair's Intoxication  Tmut/Pois      6%         N/A       83%         5
 Agony                    Necr           8%         N/A       87%         5
 Summon Hydra             Summ           4%         N/A       100%        7
 Sublimation of Blood     Necr           Unusable   N/A       N/A         2

Dungeon Overview and Level Annotations

Branches:
Dungeon (7/15)             Temple (1/1) D:7         Ossuary (visited)

Altars:
Ashenzari
Cheibriados
Elyvilon
Fedhas
Gozag
Hepliaklqana
Kikubaaqudgha
Makhleb
Nemelex Xobeh
Okawaru
Qazlal
Ru
Sif Muna
Trog
Uskayaw
Wu Jian
Xom
Yredelemnul
Zin
The Shining One


Innate Abilities, Weirdness & Mutations

You are immune to sickness and miasma.
Your stone body is resilient. (AC +7)
You are immune to poison.
You resist negative energy. (rN+)
You are resistant to electric shocks. (rElec)
You are resistant to unholy torment.
You are immune to petrification.


Message History

The five-headed hydra is severely wounded.
The five-headed hydra closely misses you.
The five-headed hydra bites you! The five-headed hydra bites you.
The five-headed hydra bites you but does no damage.
The five-headed hydra bites you.
Casting: Stone Arrow (safe; 1% risk of failure)
Confirm with . or Enter, or press ? or * to list all spells.
Aiming: Stone Arrow (safe; 1% risk of failure)
Press: ? - help, Shift-Dir - straight line, f/p - five-headed hydra
Aim: a five-headed hydra (severely wounded, 92% to hit)
The stone arrow hits the five-headed hydra!!
The five-headed hydra is almost dead.
The five-headed hydra bites you but does no damage.
The five-headed hydra bites you!
The five-headed hydra bites you but does no damage.
The five-headed hydra bites you!
* * * LOW HITPOINT WARNING * * *
The five-headed hydra bites you.
* * * LOW HITPOINT WARNING * * *
Casting: Stone Arrow (safe; 1% risk of failure)
Confirm with . or Enter, or press ? or * to list all spells.
Aiming: Stone Arrow (safe; 1% risk of failure)
Press: ? - help, Shift-Dir - straight line, f/p - five-headed hydra
Aim: a five-headed hydra (almost dead, 92% to hit)
The stone arrow hits the five-headed hydra!!
You kill the five-headed hydra!
Sif Muna accepts your kill.
Your Conjurations skill increases to level 7!
You feel better. The manticore closely misses you.
The manticore claws you but does no damage.
The manticore claws you.
* * * LOW HITPOINT WARNING * * *
Unknown command.
As you read the scroll of teleportation, it crumbles to dust.
You feel strangely unstable. The manticore bites you.
* * * LOW HITPOINT WARNING * * *
The manticore claws you.
* * * LOW HITPOINT WARNING * * *
The manticore claws you!
You die...

.........#..##.#....#§#....#..#
.._._..⌠.#.##..#####..§#####..#
...⌠..)....#.#..[....#§.......#
.._._..⌠.#..##.#####...#####.[#
.........#.##..#....#.#....#..#
........####.####...#.#...##..#
..⌠.⌠..###.....###..#.#..##..##
#.....###.#####.###.#)#.##..##
###.####.## ##@####.###Y.##
#8.8.8#.## ##H#...#.#F##
#.8.8.#.# #.##.#...#.#
.8.8.8..# #H##....#...#
#.8.8.#.# #B#.#.#...#Y#
#8.8.8#.## .##.#...#.#.##
###.####.## .##.####.###..##
#.(.).###.#####.###..#####F.##
.#####.###.....###.### .##..#


You could see a manticore.

Vanquished Creatures
  A hydra (D:7)
  Prince Ribbit (D:7)
  A hornet (D:7)
  Grinder (D:3)
  A steam dragon (D:7)
  An orc warrior (D:7)
  An ice beast (D:7)
  A black bear (D:7)
  2 sky beasts (D:7)
  3 ogres
  4 phantoms
  2 centaurs
  2 elf zombies (Ossuary)
  2 bullfrogs (D:7)
  Blork the orc (D:5)
  2 gnoll sergeants (D:7)
  4 scorpions
  6 wights
  A killer bee (D:7)
  A howler monkey (D:6)
  2 centaur zombies (Ossuary)
  3 hounds (D:5)
  5 orc priests
  3 jellies
  2 human zombies (Ossuary)
  9 iguanas
  3 orc wizards
  4 mummies
  5 adders
  10 gnolls
  A shadow imp (D:7)
  2 ufetubi
  6 adder zombies (Ossuary)
  A worm (D:4)
  4 dart slugs
  17 orcs
  9 endoplasms
  5 giant cockroaches
  2 gnoll zombies (Ossuary)
  15 hobgoblins
  6 jackals (D:4)
  10 kobolds
  4 quokkas
  9 ball pythons
  4 frilled lizards
  6 goblins
  3 goblin zombies
  6 hobgoblin zombies
  3 jackal zombies (Ossuary)
  6 kobold zombies (Ossuary)
  4 quokka zombies (Ossuary)
  4 rats
  2 rat zombies (Ossuary)
213 creatures vanquished.

Notes
Turn   | Place    | Note
-------+----------+-------------------------------------------
     0 | D:1      | ThatPearl the Gargoyle Earth Elementalist began the quest
                  | for the Orb.
     0 | D:1      | Reached XP level 1. HP: 10/10 MP: 3/3
   206 | D:1      | Reached XP level 2. HP: 16/16 MP: 5/5
   222 | D:1      | Reached skill level 1 in Fighting
   292 | D:1      | Found a faded altar of an unknown god.
   429 | D:1      | Reached skill level 4 in Earth Magic
  1194 | D:2      | Reached XP level 3. HP: 20/20 MP: 3/6
  1981 | D:2      | Learned a level 3 spell: Stone Arrow
  1984 | D:2      | Learned a level 2 spell: Passwall
  2111 | D:3      | Reached XP level 4. HP: 25/26 MP: 2/8
  2260 | D:3      | Noticed a scorpion
  2278 | D:3      | Killed a scorpion
  2279 | D:3      | Reached XP level 5. HP: 17/31 MP: 1/9
  2542 | D:3      | Reached skill level 5 in Earth Magic
  2689 | D:3      | Noticed Grinder
  2700 | D:3      | Killed Grinder
  2701 | D:3      | Reached skill level 1 in Conjurations
  2701 | D:3      | Reached XP level 6. HP: 13/38 MP: 0/11
  3729 | D:4      | Reached XP level 7. HP: 42/42 MP: 9/12
  3965 | D:4      | Reached skill level 6 in Earth Magic
  4402 | D:4      | Learned a level 4 spell: Petrify
  4947 | D:5      | Entered Level 5 of the Dungeon
  5100 | D:5      | Reached XP level 8. HP: 47/48 MP: 9/14
  5108 | D:5      | Reached skill level 5 in Fighting
  5641 | D:5      | Noticed Blork the orc
  5645 | D:5      | Killed Blork the orc
  5646 | D:5      | Reached skill level 7 in Earth Magic
  5760 | D:5      | Reached skill level 5 in Spellcasting
  6175 | D:6      | Found a sand-covered staircase.
  6254 | Ossuary  | Entered an ossuary
  6766 | Ossuary  | Reached skill level 5 in Conjurations
  6766 | Ossuary  | Reached XP level 9. HP: 52/55 MP: 10/17
  6883 | D:6      | Found an opulent altar of Gozag.
  6912 | D:6      | Found a glowing silver altar of Zin.
  6916 | D:6      | Found a snail-covered altar of Cheibriados.
  7068 | D:6      | Found a sparkling altar of Nemelex Xobeh.
  7192 | D:6      | Reached skill level 8 in Earth Magic
  7593 | D:7      | Noticed Prince Ribbit
  7595 | D:7      | Killed Prince Ribbit
  7643 | D:7      | Noticed a hornet
  7730 | D:7      | Killed a hornet
  7808 | D:7      | Found an iron altar of Okawaru.
  7809 | D:7      | Found a glowing silver altar of Zin.
  7811 | D:7      | Found the +7 Throatcutter {drain, coup de grace}
  7812 | D:7      | Found a glowing golden altar of the Shining One.
  7812 | D:7      | Found a hide-covered altar of Uskayaw.
  8015 | D:7      | Found a basalt altar of Yredelemnul.
  8129 | D:7      | Found a staircase to the Ecumenical Temple.
  8138 | Temple   | Entered the Ecumenical Temple
  8168 | Temple   | Became a worshipper of Sif Muna the Loreminder
  8250 | D:7      | Reached XP level 10. HP: 52/63 MP: 16/19
  8314 | D:7      | Reached skill level 9 in Earth Magic
  8739 | D:7      | Noticed a five-headed hydra
  8739 | D:7      | Noticed a manticore
  8739 | D:7      | Noticed a boulder beetle
  8744 | D:7      | Killed a five-headed hydra
  8746 | D:7      | Slain by a manticore

Illustrated notes

Levels and vault maps discovered:
D:1:      dpeg_arrival_shrine, layout_basic, shapermc_ecumenical_altar_petra
D:2:      layout_basic
D:3:      layout_rooms, st_stairs_8, nicolae_eternal_life, uniq_grinder
D:4:      layout_basic, serial_glass, glass_columns_c, glass_columns_a,
          glass_columns_b, glass_columns_a, glass_columns_a, glass_columns_c,
          glass_columns_c, glass_columns_b
D:5:      layout_cave_pods, uniq_blork_the_orc
D:6:      layout_cave_pools, nemelex_spade_bored_becter,
          grunt_temple_overflow_diamond, nicolae_ossuary_entry_giza
D:7:      minmay_the_grid_octo_tiled_octocenter [minmay_the_grid_octo_clover,
          minmay_the_grid_octo_shrine, minmay_the_grid_octo_concentric,
          minmay_the_grid_octo_fan_narrow,
          minmay_the_grid_octo_prize_single_spiral,
          minmay_the_grid_square_5x5_z,
          minmay_the_grid_square_5x5_checkered_statues,
          minmay_the_grid_square_5x5_seven,
          minmay_the_grid_square_5x5_checkered_sparse], layout_basic,
          mainiacjoe_overflow_surrounded_room, nicolae_tso_carved_into_rock,
          minmay_temple_entry_mini_moons, uniq_prince_ribbit1
Temple:   eino_temple_lava

Skill      XL: |  1  2  3  4  5  6  7  8  9 10 |
---------------+-------------------------------+-----
Fighting       | 1 2 3 4 6 7 |  7.8
Earth Magic    | 4 5 6 7 8 9 |  9.4
Spellcasting   | 3 4 5 6 |  6.9
Conjurations   | 1 2 3 5 6 7 |  7.0
Dodging        | 2 3 4 |  4.5
Stealth        | |  2.1
Transmutations | |  0.7

Action                   |  1- 3 |  4- 6 |  7- 9 | 10-12 || total
-------------------------+-------+-------+-------+-------++-------
Melee: Dagger            |    17 |       |       |       ||    17
       Unarmed           |     6 |       |       |       ||     6
       Short sword       |    30 |       |    19 |       ||    49
       Punch             |     1 |       |     1 |       ||     2
       Whip              |       |    33 |     9 |       ||    42
       Trident           |       |       |    51 |       ||    51
       War axe           |       |       |     8 |       ||     8
       Long sword        |       |       |     8 |     2 ||    10
 Cast: Sandblast         |    39 |    55 |   164 |    27 ||   285
       Stone Arrow       |       |     3 |    31 |     4 ||    38
  Use: Scroll            |       |       |     5 |    11 ||    16
       Potion            |       |       |       |     1 ||     1
 Stab: Sleeping          |     7 |     1 |     2 |     1 ||    11
Armor: Robe              |    35 |    39 |   108 |    10 ||   192
       Steam dragon scal |       |       |       |     7 ||     7
Dodge: Dodged            |    36 |    50 |   110 |    17 ||   213
